 Dungeon Crawl Stone Soup version 0.15.0-23-gc2b521c (console) character file.

3978 gw the Cruncher (level 10, -2/88 HPs)
             Began as a Minotaur Gladiator on Sept 9, 2014.
             Was a Priest of Okawaru.
             Slain by an unseen horror (5 damage)
             ... on Level 8 of the Dungeon.
             The game lasted 00:08:28 (7976 turns).

gw the Cruncher (Minotaur Gladiator)                Turns: 7976, Time: 00:08:28

HP  -2/88        AC 25     Str 19      XL: 10   Next:  2%
MP  11/11        EV  6     Int  5      God: Okawaru [***...]
Gold 0           SH  0     Dex 15      Spells:  0 memorised,  9 levels left

rFire  . . .     SeeInvis .     b - +2 quarterstaff (protect)
rCold  + . .     Clarity  .     a - +0 plate armour
rNeg   . . .     rCorr    .     (no shield)
rPois  .         rRot     .     c - +2 hat
rElec  .         Spirit   .     j - +0 cloak
SustAb .         Warding  .     q - +1 pair of gloves
rMut   .         Rnd*Tele +     s - +0 pair of boots
Gourm  .                        g - amulet of rage
MR     .....                    r - cursed ring of teleportation
                                i - ring of protection from cold

@: not resistant to hostile enchantments, extremely unstealthy
A: retaliatory headbutt, horns 2
a: Heroism, Renounce Religion, Evoke Berserk Rage, Evoke Teleportation


You were on level 8 of the Dungeon.
You worshipped Okawaru.
Okawaru was most pleased with you.
You were not hungry.

You visited 2 branches of the dungeon, and saw 9 of its levels.

Inventory:

Hand weapons
 b - a +2 quarterstaff of protection (weapon)
Missiles
 d - 3 throwing nets
 e - 123 stones (quivered)
Armour
 a - a +0 plate armour (worn)
 c - a +2 hat (worn)
 j - a +0 cloak (worn)
 q - a +1 pair of gloves (worn)
 s - a +0 pair of boots (worn)
Magical devices
 n - a wand of cold (1)
 w - a wand of draining (7)
Comestibles
 f - 3 bread rations
 k - a beef jerky
 m - a royal jelly
 p - 3 slices of pizza
 t - 2 meat rations
 x - 4 fruits
Scrolls
 l - 6 scrolls of identify
 o - 2 scrolls of remove curse
 v - a scroll of blinking {unknown}
Jewellery
 g - an amulet of rage (around neck)
 i - a ring of protection from cold (left hand)
 r - a cursed ring of teleportation (right hand)
Potions
 h - 3 potions of curing


   Skills:
 + Level 8.0 Fighting
 * Level 10.5 Staves
 + Level 6.6 Throwing
 + Level 7.3 Armour
 - Level 3.2 Dodging
 + Level 4.4 Invocations


You had 9 spell levels left.
You didn't know any spells.

Dungeon Overview and Level Annotations

Branches:
Dungeon (8/15)             Temple (1/1) D:6
   Lair: D:8-11

Altars:
Ashenzari
Cheibriados
Dithmenos
Elyvilon
Fedhas
Kikubaaqudgha
Makhleb
Nemelex Xobeh
Okawaru
Qazlal
Sif Muna
Trog
Vehumet
Xom
Yredelemnul
Zin
The Shining One


Innate Abilities, Weirdness & Mutations

You reflexively headbutt those who attack you in melee.
You have a pair of horns on your head.


Message History

Something hits you but does no damage. Something completely misses you.
ATTACK MOVE TO (1,-1)
You hear the rapid hiss of an avalanche of sand, a long way away.
Something hits you.
ATTACK MOVE TO (1,-1) ATTACK MOVE TO (1,-1)
Something hits you but does no damage.
ATTACK MOVE TO (1,-1)
Something hits you but does no damage.
ATTACK MOVE TO (1,-1)
Something hits you.
ATTACK MOVE TO (1,-1)
Something hits you but does no damage. x2
ATTACK MOVE TO (1,-1)
Something hits you but does no damage. x2
ATTACK MOVE TO (1,-1)
Something hits you but does no damage.
ATTACK MOVE TO (-1,-1)
Something hits you.
You die...

.. ##.....#####p......(....#
.. +.....'................+ #
#.....#####........!...#
#?....#####........(...#####
############.........(...!...
..
.....¤¤$$$$#.......##........
##
############.................
.
...¤¤¤¤¤..#....#............
########8+8#H####.....#######
................+.....#
.#######..#.#####.....#
#.).#..............#
#)#......####......#
##+#+###'#......#
...............(####
...................#
...................# #+#


You could see a neutral freed slave (wandering).

Table legend:
 A = Turns spent in this place as a percentage of turns spent in the entire game.
 B = Non-inter-level travel turns spent in this place as a percentage of non-inter-level travel turns spent in the entire game.
 C = Inter-level travel turns spent in this place as a percentage of turns spent in this place.
 D = Turns resting spent in this place as a percentage of non-inter-level travel turns spent in this place.
 E = Turns spent auto-exploring this place as a percentage of non-inter-level travel turns spent in this place.
 F = Non-inter-level travel turns spent in this place divided by the number of levels of this place that you've seen.
                   A       B       C       D       E      F
               +-------+-------+-------+-------+-------+----------------------
         Total | 100.0 | 100.0 |   1.3 |   3.1 |   8.1 | 459.6
       Dungeon |  99.2 |  99.3 |   1.3 |   3.1 |   8.0 | 513.1
        Temple |   0.8 |   0.7 |   3.1 |   0.0 |  16.1 |  31.0
               +-------+-------+-------+-------+-------+----------------------

Table legend:
 A = Kills in this place as a percentage of kills in entire the game.
 B = Kills by you in this place as a percentage of kills by you in the entire game.
 C = Kills by friends in this place as a percentage of kills by friends in the entire game.
 D = Other kills in this place as a percentage of other kills in the entire game.
 E = Experience gained in this place as a percentage of experience gained in the entire game.
 F = Experience gained in this place divided by the number of levels of this place that you have seen.
                   A       B       C       D       E      F
               +-------+-------+-------+-------+-------+----------------------
         Total | 100.0 | 100.0 |  -nan |  -nan | 100.0 | 631.6
       Dungeon | 100.0 | 100.0 |  -nan |  -nan | 100.0 | 710.5
               +-------+-------+-------+-------+-------+----------------------

Vanquished Creatures
  Pikel (D:8)
  The ghost of gw the Cruncher, an experienced MiGl of Yredelemnul (D:6)
  The ghost of oshikia the Changer, an experienced OpTm (D:5)
  Prince Ribbit (D:4)
  A hippogriff (D:8)
  A hill giant skeleton (D:7)
  3 orc warriors
  2 ogres
  A phantom (D:4)
  4 centaurs
  An ice beast (D:5)
  A gnoll sergeant (D:7)
  A big kobold (D:7)
  A giant frog (D:8)
  8 wights (D:8)
  A crimson imp (D:6)
  A hound (D:4)
  Crazy Yiuf (D:2)
  A giant frog skeleton (D:5)
  A jelly (D:7)
  4 orc wizards
  2 orc priests
  3 iguanas
  5 worker ants
  Jessica (D:3)
  An ogre skeleton (D:8)
  A hound skeleton (D:4)
  An orc zombie (D:7)
  A worker ant zombie (D:5)
  A scorpion zombie (D:8)
  7 adders
  6 gnolls (D:7)
  A shadow imp (D:7)
  2 giant mites
  4 worms
  An orc skeleton (D:4)
  An iguana skeleton (D:7)
  A giant gecko (D:6)
  2 oozes
  27 orcs
  3 ball pythons (D:1)
  11 bats
  6 giant cockroaches
  9 goblins
  9 hobgoblins
  9 jackals
  23 kobolds
  4 quokkas
  A giant newt (D:5)
  A hobgoblin skeleton (D:4)
  A kobold skeleton (D:5)
  12 rats
  A rat skeleton (D:5)
  A butterfly (D:4)
196 creatures vanquished.

Vanquished Creatures (others)
  A giant mite (D:4)
  A bat (D:8)
  A quokka (D:4)
3 creatures vanquished.

Grand Total: 199 creatures vanquished

Notes
Turn   | Place    | Note
--------------------------------------------------------------
     0 | D:1      | gw, the Minotaur Gladiator, began the quest for the Orb.
     0 | D:1      | Reached XP level 1. HP: 18/18 MP: 1/1
   228 | D:1      | Reached XP level 2. HP: 25/25 MP: 1/1
   235 | D:1      | Reached skill level 4 in Staves
   258 | D:1      | Reached skill level 1 in Armour
  1055 | D:2      | Noticed Crazy Yiuf
  1063 | D:2      | Killed Crazy Yiuf
  1063 | D:2      | Reached XP level 3. HP: 26/31 MP: 2/2
  1718 | D:3      | Reached XP level 4. HP: 33/38 MP: 2/2
  1778 | D:3      | Reached skill level 5 in Staves
  1887 | D:3      | Noticed Jessica
  1897 | D:3      | Killed Jessica
  1979 | D:3      | Noticed a centaur
  1984 | D:3      | Killed a centaur
  1984 | D:3      | Reached XP level 5. HP: 46/46 MP: 2/2
  2803 | D:4      | Reached skill level 6 in Staves
  2803 | D:4      | Reached XP level 6. HP: 52/52 MP: 3/3
  2899 | D:4      | Noticed a phantom
  2919 | D:4      | Killed a phantom
  3000 | D:4      | Found a white marble altar of Elyvilon.
  3324 | D:4      | Noticed Prince Ribbit
  3334 | D:4      | Killed Prince Ribbit
  3334 | D:4      | Reached skill level 7 in Staves
  3334 | D:4      | Reached XP level 7. HP: 60/60 MP: 3/3
  3516 | D:4      | Reached skill level 5 in Fighting
  3913 | D:5      | Entered Level 5 of the Dungeon
  4049 | D:5      | Found a shimmering altar of Xom.
  4092 | D:5      | Noticed oshikia's ghost (experienced OpTm)
  4098 | D:5      | Killed oshikia's ghost
  4098 | D:5      | Reached skill level 8 in Staves
  4098 | D:5      | Reached XP level 8. HP: 62/69 MP: 3/3
  4449 | D:5      | Reached skill level 5 in Armour
  4815 | D:6      | Found a staircase to the Ecumenical Temple.
  4823 | Temple   | Entered the Ecumenical Temple
  4915 | Temple   | Became a worshipper of Warmaster Okawaru
  5018 | D:6      | Reached skill level 5 in Throwing
  5082 | D:6      | Noticed gw's ghost (experienced MiGl)
  5090 | D:6      | Killed gw's ghost
  5090 | D:6      | Acquired Okawaru's first power
  5090 | D:6      | Reached skill level 9 in Staves
  5090 | D:6      | Reached skill level 1 in Invocations
  5548 | D:6      | Reached XP level 9. HP: 49/78 MP: 6/6
  6570 | D:7      | Reached skill level 10 in Staves
  7621 | D:8      | Noticed Pikel
  7640 | D:8      | Killed Pikel
  7880 | D:8      | Reached XP level 10. HP: 45/88 MP: 10/11
  7957 | D:8      | HP: 4/88 [something (5)]
  7968 | D:8      | HP: 4/88 [something (2)]
  7976 | D:8      | Slain by an unseen horror

Action                   |  1- 3 |  4- 6 |  7- 9 | 10-12 || total
-------------------------+-------+-------+-------+-------++-------
Melee: Quarterstaff      |    57 |    92 |   339 |    19 ||   507
Throw: Stone             |    39 |    64 |   174 |     1 ||   278
Invok: Heroism           |       |       |     2 |       ||     2
 Abil: Evoke Berserk Rag |       |     2 |     3 |       ||     5
Evoke: Wand              |       |       |     6 |       ||     6
  Use: Scroll            |     5 |     5 |     3 |       ||    13
       Potion            |       |     2 |     4 |     1 ||     7
  Eat: Chunk             |     2 |     6 |    14 |       ||    22
       Bread ration      |       |       |     1 |       ||     1

Vault maps used:
D:1:      dpeg_arrival_fog, st_stairs_3, minmay_shallow_snake_nest
D:2:      first_bread, uniq_crazy_yiuf_cottage
D:3:      uniq_jessica
D:4:      hangedman_glass_garden, elyvilon_altar_4, uniq_prince_ribbit1
D:5:      xom_teletrap_fun
D:6:      minmay_temple_entry_statues_fountains
D:7:      statuecave_lemuel
D:8:      lemuel_ice_spiral_2, nicolae_ossuary_entry_catacombs, grunt_pizzeria,
          uniq_pikel
Temple:   kilobyte_greek_temple_18
